 Dungeon Crawl Stone Soup version 0.29.1-4-g47bece8355 (webtiles) character file.

Game seed: 2189822880324615290

88 mester the Stinger (level 4, -3/32 HPs)
             Began as a Barachi Venom Mage on Dec 1, 2022.
             Was an Initiate of Vehumet.
             Constricted to death by Robin (5 damage)
             ... on level 3 of the Dungeon.
             The game lasted 00:24:02 (3937 turns).

mester the Stinger (Barachi Venom Mage)             Turns: 3937, Time: 00:24:02

Health: -3/32      AC:  2    Str:  9    XL:     4   Next: 53%
Magic:  1/8        EV: 10    Int: 17    God:    Vehumet [......]
Gold:   104        SH:  0    Dex: 19    Spells: 3/9 levels left

rFire   . . .      SeeInvis .   l - +1 whip (vamp)
rCold   . . .      Faith    .   (no shield)
rNeg    . . .      Spirit   .   a - +0 robe
rPois   .          Reflect  .   (no helmet)
rElec   .          Harm     .   (no cloak)
rCorr   .          Rampage  .   (no gloves)
Will    .....                   (no boots)
Stlth   ++........              (no amulet)
HPRegen 0.10/turn               r - +6 ring of dexterity
MPRegen 0.11/turn               (no ring)

@: grasped by roots, unable to hop, constricted, slow
A: amphibious, slowness 1, strong legs 1, +LOS
a: Hop, Renounce Religion


You were on level 3 of the Dungeon.
You worshipped Vehumet.
Vehumet was noncommittal.
You visited 1 branch of the dungeon, and saw 3 of its levels.

You collected 104 gold pieces.

Inventory:

Hand Weapons
 c - a +0 club
 g - a +0 dagger
 l - a +1 vampiric whip (weapon)
 o - a +0 dagger
Missiles
 h - 27 stones
Armour
 a - a +0 robe (worn)
 f - a +0 scale mail
Jewellery
 r - a +6 ring of dexterity (left hand)
Wands
 s - a wand of roots (13)
Scrolls
 d - a scroll of identify {unknown}
 j - a scroll of brand weapon {unknown}
 n - 4 scrolls of vulnerability {unknown}
 q - 2 scrolls of fear {unknown}
 u - a scroll of poison {unknown}
 w - a scroll of torment {unknown}
Potions
 b - a potion of magic
 e - a potion of resistance {unknown}
 i - a potion of invisibility {unknown}
 k - 3 potions of attraction {unknown}
 m - a potion of degeneration {unknown}
 p - a potion of mutation {unknown}
 t - a potion of heal wounds {unknown}
 v - a potion of might {unknown}


   Skills:
 + Level 1.2 Fighting
 + Level 0.6 Maces & Flails
 + Level 2.5 Dodging
 + Level 2.1 Stealth
 + Level 3.1 Spellcasting
 + Level 1.3 Transmutations
 + Level 0.3 Air Magic
 + Level 4.2 Poison Magic


You had 3 spell levels left.
You knew the following spells:

 Your Spells              Type           Power      Damage    Failure   Level
a - Sting                 Tmut/Pois      48%        1d5       5%          1
b - Poisonous Vapours     Pois/Air       20%        N/A       11%         2
c - Mephitic Cloud        Conj/Pois/Air  7%         N/A       28%         3

Your spell library contained the following spells:

 Spells                   Type           Power      Damage    Failure   Level
 Beastly Appendage        Tmut           14%        N/A       10%         1
 Wereblood                Tmut           7%         N/A       16%         2
 Spider Form              Tmut/Pois      12%        N/A       17%         3
 Portal Projectile        Hex/Tloc       4%         N/A       45%         3
 Tukima's Dance           Hex            2%         N/A       45%         3
 Olgreb's Toxic Radiance  Pois           16%        N/A       30%         4
 Blade Hands              Tmut           3%         N/A       95%         5


Dungeon Overview and Level Annotations

Branches:
Dungeon (3/15)

Altars:
Vehumet

Annotations:
D:3 Robin


Innate Abilities, Weirdness & Mutations

You are amphibious.
You cover ground slowly.
You can hop short distances.
You have an extended range of vision and can be seen from far away.


Message History

Confirm with . or Enter, or press ? or * to list all spells.
Aiming: Sting (safe; 5% risk of failure)
Press: ? - help, Shift-Dir - straight line, f - goblin, p - goblin
Aim: a goblin, wielding a +0 dagger (heavily wounded, 64% to hit)
The sting hits the goblin.
The goblin is poisoned.
You kill the goblin!
Vehumet accepts your kill.
Robin roars a battlecry!
The goblin goes into a battle-frenzy!
The goblin hits you with a +0 dagger.
* * * LOW HITPOINT WARNING * * *
Unknown command.
Hop to where?
Press: ? - help, Dir - move target Boing!
The goblin barely misses you.
Casting: Sting (safe; 5% risk of failure)
Confirm with . or Enter, or press ? or * to list all spells.
You don't have enough magic to cast this spell.
You hit the goblin.
You feel better.
The goblin is severely wounded.
You miss the goblin.
The goblin is severely wounded.
You kill the goblin!
Vehumet accepts your kill.
Robin says, "My goblins will feast on your bones."
Robin zaps a wand.
The roots erupt in riotous growth!
The grasping roots grab you! The grasping roots constrict you.
* * * LOW HITPOINT WARNING * * *
Unknown command.
You escape the roots grasp.
A ball python comes into view.
The ball python hisses angrily.
The orc barely misses you. Robin attacks as you move away!
Robin barely misses you.
Robin looks more healthy.
Robin zaps a wand.
The roots erupt in riotous growth!
The grasping roots grab you! The grasping roots constrict you.
You die...

##.## ##.#†##
##.#.#.## ##.#.#.#.##
##.#.###.#.##
##.#.##.##.#.##
##.#.##g#)##.#.##
##)#.##.#o#g##.#.##
##)#.##@#.S)#)##.#.##
#.#.##.†[.##)#.##.#.#
##.#...#.##$#)##.#.##
##.#.#.##g#.##.#.## #
##.#.##g# ##.#.## ##g
##.##g# ##†#.## ...##
###g# ##.#.## #..#.#
#.# ##.#.## ## ....#
#o# ##.#.##


You could see Robin.

Vanquished Creatures
  3 adders
  2 worms
  A dart slug (D:1)
  2 bats
  An endoplasm (D:1)
  2 giant cockroaches
  12 goblins
  3 hobgoblins (D:1)
  2 jackals (D:1)
  A quokka (D:1)
  4 ball pythons
  A frilled lizard (D:2)
  11 kobolds
  5 rats
50 creatures vanquished.

Vanquished Creatures (others)
  6 fungi (D:3)
  2 plants (D:3)
8 creatures vanquished.

Grand Total: 58 creatures vanquished

Notes
Turn   | Place    | Note
-------+----------+-------------------------------------------
     0 | D:1      | mester the Barachi Venom Mage began the quest for the Orb.
     0 | D:1      | Reached XP level 1. HP: 13/13 MP: 3/3
   237 | D:1      | Reached XP level 2. HP: 12/19 MP: 1/5
   283 | D:1      | Learned a level 2 spell: Poisonous Vapours
  1299 | D:1      | Reached XP level 3. HP: 24/24 MP: 3/6
  1738 | D:2      | Learned a level 3 spell: Mephitic Cloud
  2464 | D:2      | Found a radiant altar of Vehumet.
  2497 | D:2      | Became a worshipper of Vehumet
  2789 | D:2      | Reached skill level 1 in Fighting
  3574 | D:3      | Reached XP level 4. HP: 20/32 MP: 0/8
  3576 | D:3      | Reached skill level 4 in Poison Magic
  3921 | D:3      | Noticed Robin
  3937 | D:3      | Constricted to death by Robin

Illustrated notes

Levels and vault maps discovered:
D:1:      scummos_arrival_simple_fountains, layout_loops_ring
D:2:      layout_loops_ring, basic_altar, grunt_decor_arrowhead,
          kennysheep_path_1
D:3:      minmay_inner_zag, layout_rooms, nicolae_dithmenos_shadow_blocks,
          shapermc_ecumenical_altar_hornbeckon, minmay_pentomino_pile,
          uniq_robin

Skill      XL: |  1  2  3  4 |
---------------+-------------+-----
Stealth        | 2 |  2.1
Fighting       | 1 |  1.2
Spellcasting   | 3 |  3.1
Poison Magic   | 4 |  4.2
Maces & Flails | |  0.6
Dodging        | |  2.5
Transmutations | |  1.3
Air Magic      | |  0.3

Action                   |  1- 3 |  4- 6 || total
-------------------------+-------+-------++-------
Melee: Club              |    40 |       ||    40
       Whip              |    22 |    18 ||    40
       Punch             |     2 |     1 ||     3
 Cast: Sting             |    27 |    13 ||    40
       Poisonous Vapours |    29 |     1 ||    30
       Mephitic Cloud    |     1 |     1 ||     2
 Abil: Hop               |       |     1 ||     1
Armor: Robe              |    13 |     3 ||    16
Dodge: Dodged            |   107 |    25 ||   132
